[Event "WJCC U20 Girls 2019"]
[Site "New Delhi"]
[Date "2019.10.18"]
[Round "5.24"]
[White "Pandey Srishti"]
[Black "Pychova, Nela"]
[Result "1-0"]
[ECO "A05"]
[WhiteElo "1963"]
[BlackElo "2178"]
[Annotator "NA"]
[PlyCount "133"]
[EventDate "2019.10.15"]
[EventType "swiss"]
[EventCountry "IND"]
[SourceTitle "playchess.com"]
[Source "ChessBase"]
[SourceQuality "1"]
[TimeControl "40/5400+30:1800+30"]

1. Nf3 Nf6 2. g3 b5 3. Na3 a6 4. c4 b4 5. Nc2 c5 6. Bg2 Bb7 7. O-O e6 8. d3 Be7 9. e4 d6 10. Nfe1 Qb6 11. f4 Nc6 12. Be3 O-O 13. g4 Nd7 14. g5 Qd8 15. Qg4 f5 16. exf5 exf5 17. Bd5+ Kh8 18. Qh3 Nb6 19. Bf3 Na5 20. Bd2 g6 21. a3 Bxf3 22. Nxf3 Nb3 23. axb4 Nxa1 24. Rxa1 Kg8 25. bxc5 dxc5 26. Ne5 Bd6 27. Bc3 Bxe5 28. Bxe5 Qd7 29. Qe3 Qc6 30. b4 Nd7 31. bxc5 Qxc5 32. Bd4 Qc7 33. Qe6+ Rf7 34. Be3 Nf8 35. Qb6 Qxb6 36. Bxb6 Ne6 37. Be3 Rc7 38. Nb4 a5 39. Nd5 Rb7 40. Ra3 Kf7 41. c5 Rb1+ 42. Kf2 Rb2+ 43. Kg3 Rc2 44. Nb6 Rd8 45. Nc4 Ke7 46. Nxa5 Rc8 47. d4 Nc7 48. Nc6+ Kd7 49. Nb4 Rb2 50. Nd3 Rb1 51. Kf2 Ke6 52. Nc1 Rcb8 53. Ne2 R8b2 54. Kf3 Re1 55. Nc3 Rxh2 56. d5+ Kd7 57. Bd4 Rh3+ 58. Kf2 Reh1 59. c6+ Ke7 60. Ra7 R1h2+ 61. Kf1 Rh1+ 62. Ke2 R1h2+ 63. Ke1 Rh1+ 64. Kd2 Rc1 65. Kxc1 Kd6 66. Be5+ Kc5 67. Kd2 1-0

[Event "WJCC U20 Girls 2019"]
[Site "New Delhi"]
[Date "2019.10.18"]
[Round "5.25"]
[White "Cervantes Landeiro, Thalia"]
[Black "Mungunzul, Bat-Erdene"]
[Result "1/2-1/2"]
[ECO "D11"]
[WhiteElo "2176"]
[BlackElo "1912"]
[Annotator "NA"]
[PlyCount "172"]
[EventDate "2019.10.15"]
[EventType "swiss"]
[EventCountry "IND"]
[SourceTitle "playchess.com"]
[Source "ChessBase"]
[SourceQuality "1"]
[TimeControl "40/5400+30:1800+30"]

1. d4 d5 2. c4 c6 3. Nf3 Nf6 4. e3 e6 5. b3 Nbd7 6. Bb2 Bd6 7. Bd3 Qe7 8. Ne5 O-O 9. O-O Rd8 10. Nd2 Nf8 11. f4 Ne8 12. Qf3 f6 13. Ng4 b6 14. Qh3 Bb7 15. cxd5 cxd5 16. f5 exf5 17. Bxf5 Bb4 18. Nf3 Nd6 19. Nh4 Bc8 20. a3 Nxf5 21. Nxf5 Bxf5 22. Rxf5 Bd6 23. Qf3 Qe6 24. Rf1 Be7 25. Qg3 Kh8 26. Rh5 Rac8 27. e4 Qxe4 28. Re1 Qg6 29. Rh3 Bd6 30. Qf3 Re8 31. Ne3 Re4 32. Rf1 Qg5 33. Nf5 Bb8 34. Ng3 Re3 35. Qf5 Qxf5 36. Nxf5 Rxh3 37. gxh3 Rc2 38. Rf2 Rxf2 39. Kxf2 Ng6 40. Ne3 Ne7 41. Kg2 Kg8 42. h4 h5 43. h3 Bf4 44. Nc2 Kf7 45. Kf3 Bh2 46. Ne3 Ke6 47. Ng2 Nf5 48. Bc3 Bg3 49. a4 a6 50. Bb2 Kf7 51. Bc3 g6 52. Bb2 b5 53. Bc3 Bh2 54. Kf2 Bc7 55. Ke2 g5 56. hxg5 fxg5 57. axb5 axb5 58. Ne1 g4 59. hxg4 hxg4 60. Ng2 Kg6 61. Kd3 Kh5 62. Ke2 g3 63. Kf3 Nh4+ 64. Nxh4 Kxh4 65. Kg2 Kg4 66. Be1 Bd6 67. Bd2 Bc7 68. Be1 Bf4 69. Ba5 Be3 70. Bc7 Bxd4 71. Bxg3 Be3 72. Bd6 d4 73. Kf1 Kf3 74. Ke1 Bf4 75. Bc5 Ke3 76. Kd1 Kd3 77. Bb4 Be5 78. Bd2 Bd6 79. Be1 Ba3 80. Bd2 Bb2 81. Bb4 Bc3 82. Ba3 Ba5 83. Bc1 Bc3 84. Ba3 Bd2 85. Bc5 Bc3 86. Ba3 Ba1 1/2-1/2

[Event "WJCC U20 Girls 2019"]
[Site "New Delhi"]
[Date "2019.10.18"]
[Round "5.27"]
[White "Nilssen, Ellen Fredericia"]
[Black "Fretel, Liza"]
[Result "1/2-1/2"]
[ECO "A25"]
[WhiteElo "2137"]
[BlackElo "1877"]
[Annotator "RC"]
[PlyCount "65"]
[EventDate "2019.10.15"]
[EventType "swiss"]
[EventCountry "IND"]
[SourceTitle "playchess.com"]
[Source "ChessBase"]
[SourceQuality "1"]
[TimeControl "40/5400+30:1800+30"]

1. c4 e5 2. Nc3 Nc6 3. g3 Bb4 4. Bg2 Nf6 5. e4 O-O 6. Nge2 Re8 7. a3 Bf8 8. O-O Nd4 9. d3 Nxe2+ 10. Qxe2 c6 11. b4 a5 12. Rb1 axb4 13. axb4 d6 14. Qb2 g6 15. Bd2 Be6 16. Ra1 Qd7 17. b5 Bh3 18. Rxa8 Rxa8 19. Ra1 Rxa1+ 20. Qxa1 cxb5 21. Nxb5 Kg7 22. Bb4 Bg4 23. Qa3 Ne8 24. Qa7 Qc8 25. Qb6 Qc6 26. Qd8 Qd7 27. Qb6 Qc6 28. Qe3 Nc7 29. Nxc7 Qxc7 30. h3 Bd7 31. f4 f6 32. Kh2 b5 33. cxb5 1/2-1/2

[Event "WJCC U20 Girls 2019"]
[Site "New Delhi"]
[Date "2019.10.18"]
[Round "5.29"]
[White "Kairbekova, Amina"]
[Black "Ghosh Samriddhaa"]
[Result "0-1"]
[ECO "B72"]
[WhiteElo "2096"]
[BlackElo "1867"]
[Annotator "NA RC"]
[PlyCount "70"]
[EventDate "2019.10.15"]
[EventType "swiss"]
[EventCountry "IND"]
[SourceTitle "playchess.com"]
[Source "ChessBase"]
[SourceQuality "1"]
[TimeControl "40/5400+30:1800+30"]

1. e4 c5 2. Nf3 d6 3. d4 cxd4 4. Nxd4 Nf6 5. Nc3 g6 6. Be3 a6 7. f3 b5 8. Qd2 Bb7 9. O-O-O Nbd7 10. g4 h6 11. Kb1 b4 12. Nce2 e5 13. Nb3 d5 14. exd5 Nxd5 15. Ng3 Qc7 16. Bg2 N7f6 17. Ne4 Nxe4 18. fxe4 Nxe3 19. Qxe3 Rc8 20. Rd2 Bg7 21. h4 O-O 22. g5 h5 23. Rhd1 Rfd8 24. Bh3 Rxd2 25. Qxd2 Rb8 26. Qxb4 Bf8 27. Qe1 Bc6 28. Bg2 Bb4 29. c3 Bf8 30. c4 Ba4 31. Qc3 Qb6 32. c5 Bxc5 33. Nxc5 Bxd1 34. Nd7 Qg1 35. Qc1 Bc2+ 0-1

[Event "WJCC U20 Girls 2019"]
[Site "New Delhi"]
[Date "2019.10.18"]
[Round "5.30"]
[White "Potluri Supreetha"]
[Black "Nastase, Andreea-Cristina"]
[Result "1-0"]
[ECO "D10"]
[WhiteElo "1767"]
[BlackElo "2077"]
[Annotator "NA RC"]
[PlyCount "49"]
[EventDate "2019.10.15"]
[EventType "swiss"]
[EventCountry "IND"]
[SourceTitle "playchess.com"]
[Source "ChessBase"]
[SourceQuality "1"]
[TimeControl "40/5400+30:1800+30"]

1. d4 d5 2. Nf3 Nf6 3. c4 c6 4. cxd5 cxd5 5. Nc3 Nc6 6. Bf4 Qb6 7. Na4 Qa5+ 8. Bd2 Qc7 9. Rc1 Bf5 10. Ne5 e6 11. e4 dxe4 12. Nxc6 bxc6 13. Bb5 Nd7 14. Bxc6 Rd8 15. Bxe4 Qd6 16. Bxf5 exf5 17. O-O Be7 18. Ba5 Ra8 19. Bc7 Qf6 20. d5 O-O 21. d6 Bd8 22. Qd5 Bxc7 23. dxc7 Qe6 24. Rfd1 Nf6 25. Qxa8 1-0

[Event "WJCC U20 Girls 2019"]
[Site "New Delhi"]
[Date "2019.10.18"]
[Round "5.31"]
[White "Nomindalai Tumurbaatar"]
[Black "Aouachria, Marwa"]
[Result "1-0"]
[ECO "A45"]
[WhiteElo "2061"]
[BlackElo "1839"]
[Annotator "NA"]
[PlyCount "153"]
[EventDate "2019.10.15"]
[EventType "swiss"]
[EventCountry "IND"]
[SourceTitle "playchess.com"]
[Source "ChessBase"]
[SourceQuality "1"]
[TimeControl "40/5400+30:1800+30"]

1. d4 Nf6 2. Bf4 g6 3. Nc3 Bg7 4. e4 d6 5. Qd2 h6 6. h3 g5 7. Be3 Nbd7 8. O-O-O c6 9. e5 Nd5 10. Nxd5 cxd5 11. exd6 e6 12. Bd3 Nf6 13. Re1 Qxd6 14. f4 g4 15. f5 Ne4 16. Bxe4 dxe4 17. hxg4 exf5 18. gxf5 Bxf5 19. Ne2 O-O-O 20. Qa5 Bg4 21. Qxa7 Bxe2 22. Rxe2 Bxd4 23. Bxd4 Qxd4 24. Qxd4 Rxd4 25. c3 Rc4 26. Kc2 f5 27. Rh5 f4 28. Rh4 Rf8 29. Rxh6 e3 30. Rh3 Re4 31. Rf3 Rg8 32. Kd3 Ra4 33. c4 Rg4 34. b3 Ra6 35. Ke4 Re6+ 36. Kf5 Reg6 37. Rxf4 Rxg2 38. Rxe3 R6g5+ 39. Ke4 Rxa2 40. Kd3 Rgg2 41. Rf7 Rgd2+ 42. Kc3 Re2 43. Rxe2 Rxe2 44. Kb4 Kb8 45. Kb5 Ka7 46. b4 Re6 47. c5 Rg6 48. Rd7 Rc6 49. Rd6 Rc8 50. Ka5 Rc6 51. Kb5 Rc8 52. Kc4 Rg8 53. Rd7 Kb8 54. Kb5 Rc8 55. Ka5 Ka7 56. Rd5 Rc6 57. Rd8 Rc7 58. Kb5 Rc6 59. Kc4 Rg6 60. b5 Rg4+ 61. Kd5 Rg5+ 62. Kd6 Rg6+ 63. Kc7 Rg5 64. Kd6 Rg6+ 65. Kd5 Rg1 66. Re8 Rd1+ 67. Ke6 Rb1 68. b6+ Ka6 69. Kd6 Rd1+ 70. Kc7 Rd5 71. c6 Rc5 72. Ra8+ Kb5 73. Kxb7 Rf5 74. c7 Rf7 75. Ra1 Rg7 76. Rb1+ Ka5 77. Kb8 1-0

[Event "WJCC U20 Girls 2019"]
[Site "New Delhi"]
[Date "2019.10.18"]
[Round "5.32"]
[White "Cosme Contreras, Trilce"]
[Black "Eesha Ajay Sarda"]
[Result "1/2-1/2"]
[ECO "E16"]
[WhiteElo "2027"]
[BlackElo "1744"]
[Annotator "NA"]
[PlyCount "123"]
[EventDate "2019.10.15"]
[EventType "swiss"]
[EventCountry "IND"]
[SourceTitle "playchess.com"]
[Source "ChessBase"]
[SourceQuality "1"]
[TimeControl "40/5400+30:1800+30"]

1. d4 Nf6 2. c4 e6 3. Nf3 Bb4+ 4. Bd2 Qe7 5. Nc3 b6 6. e3 Bb7 7. Bd3 O-O 8. O-O Bxc3 9. Bxc3 Ne4 10. Rc1 d6 11. Nd2 Nxc3 12. Rxc3 e5 13. Qc2 g6 14. Be4 c6 15. f4 f5 16. Bf3 e4 17. Be2 c5 18. d5 Nd7 19. b3 b5 20. Qc1 Nb6 21. Rd1 b4 22. Rc2 Rfc8 23. Nf1 a5 24. a4 h5 25. h3 Kf7 26. Nh2 Rh8 27. g3 Rag8 28. h4 Ke8 29. Bf1 Nd7 30. Bh3 Nf6 31. Rg2 Rh7 32. Kf2 Bc8 33. Ke2 Bd7 34. Kd2 Kd8 35. Kc2 Be8 36. Kb1 Nd7 37. Ra2 Nb6 38. Bf1 Qf8 39. Be2 Rb7 40. Qd2 Bd7 41. Ka1 Qe8 42. Rb1 Ke7 43. Bd1 Rg7 44. Nf1 Rh7 45. Nh2 Qh8+ 46. Qb2 Qa8 47. Qd2 Qa6 48. Qe2 Kf7 49. Nf1 Qa8 50. Nh2 Rh8 51. Qd2 Qg8 52. Nf1 Qh7 53. Qb2 Rhb8 54. Qd2 Qg7+ 55. Qb2 Qh7 56. Qd2 Qh8+ 57. Qb2 Qe8 58. Nd2 Qg8 59. Nf1 Qf8 60. Nd2 Qe8 61. Nf1 Bxa4 62. bxa4 1/2-1/2

[Event "WJCC U20 Girls 2019"]
[Site "New Delhi"]
[Date "2019.10.18"]
[Round "5.34"]
[White "Levitan, Ronit"]
[Black "Ferkova, Dominika"]
[Result "1/2-1/2"]
[ECO "B13"]
[WhiteElo "1893"]
[BlackElo "2096"]
[Annotator "NA"]
[PlyCount "90"]
[EventDate "2019.10.15"]
[EventType "swiss"]
[EventCountry "IND"]
[SourceTitle "playchess.com"]
[Source "ChessBase"]
[SourceQuality "1"]
[TimeControl "40/5400+30:1800+30"]

1. e4 c6 2. d4 d5 3. exd5 cxd5 4. c4 Nf6 5. Nc3 Nc6 6. Nf3 g6 7. cxd5 Nxd5 8. Qb3 e6 9. Nxd5 Qxd5 10. Bc4 Bb4+ 11. Kf1 Qd6 12. a3 Ba5 13. d5 exd5 14. Bxd5 Be6 15. Bxe6 Qxe6 16. Qxe6+ fxe6 17. Bh6 O-O-O 18. h4 Rhe8 19. h5 e5 20. Be3 Nd4 21. Rc1+ Kb8 22. hxg6 Nb3 23. Rb1 hxg6 24. Rh4 e4 25. Ng5 Bd2 26. Rd1 Bxe3 27. Rxd8+ Rxd8 28. fxe3 Rd1+ 29. Kf2 Rd2+ 30. Kg3 Rxb2 31. Ne6 a5 32. Rxe4 Ra2 33. a4 Nd2 34. Rd4 Nf1+ 35. Kf4 Rf2+ 36. Ke4 Rxg2 37. Rd8+ Ka7 38. Nd4 Kb6 39. Nb5 Rg4+ 40. Kd3 Rxa4 41. Nc3 Ra3 42. e4 Ng3 43. Kc4 Kc6 44. Rc8+ Kd7 45. Rb8 Kc6 1/2-1/2

[Event "WJCC U20 Girls 2019"]
[Site "New Delhi"]
[Date "2019.10.18"]
[Round "5.35"]
[White "Bhagyashree Patil"]
[Black "Ortiz Verdezoto, Anahi"]
[Result "1-0"]
[ECO "C54"]
[WhiteElo "1802"]
[BlackElo "2055"]
[Annotator "NA RC"]
[PlyCount "86"]
[EventDate "2019.10.15"]
[EventType "swiss"]
[EventCountry "IND"]
[SourceTitle "playchess.com"]
[Source "ChessBase"]
[SourceQuality "1"]
[TimeControl "40/5400+30:1800+30"]

1. e4 e5 2. Nf3 Nc6 3. Bc4 Bc5 4. c3 Nf6 5. d3 d6 6. Nbd2 a5 7. Bb3 O-O 8. Nf1 d5 9. Qe2 Be6 10. Ng3 a4 11. Bc2 d4 12. O-O h6 13. h3 Qd7 14. Nh4 dxc3 15. bxc3 Bxh3 16. Ngf5 Bg4 17. Qd2 Bxf5 18. Nxf5 Nh7 19. g4 Be7 20. Qd1 Bg5 21. Ba3 Rfd8 22. Rb1 Rdb8 23. Qe2 g6 24. Ne3 Nf6 25. f3 Qe6 26. Rb2 h5 27. Bd1 Kg7 28. Rf2 hxg4 29. Nxg4 Bc1 30. Nxf6 Qxf6 31. Rg2 Rh8 32. Bc5 Bxb2 33. Qxb2 Qh4 34. Kf1 b6 35. Bg1 Qf4 36. d4 Rh1 37. d5 Na5 38. Be2 Rah8 39. Kf2 Nb7 40. Qc2 Nd6 41. c4 f5 42. exf5 Qd4+ 43. Kf1 Nxf5 1-0

[Event "WJCC U20 Girls 2019"]
[Site "New Delhi"]
[Date "2019.10.18"]
[Round "5.36"]
[White "Chandreyee, Hajra"]
[Black "Meghna, C H"]
[Result "1-0"]
[ECO "C18"]
[WhiteElo "2024"]
[BlackElo "1956"]
[Annotator "NA RC"]
[PlyCount "83"]
[EventDate "2019.10.15"]
[EventType "swiss"]
[EventCountry "IND"]
[SourceTitle "playchess.com"]
[Source "ChessBase"]
[SourceQuality "1"]
[TimeControl "40/5400+30:1800+30"]

1. e4 e6 2. d4 d5 3. Nc3 Bb4 4. e5 Ne7 5. a3 Bxc3+ 6. bxc3 c5 7. Qg4 Qc7 8. Qxg7 Rg8 9. Qxh7 cxd4 10. Qd3 Qxe5+ 11. Ne2 dxc3 12. Bf4 Qf6 13. Qxc3 Qxc3+ 14. Nxc3 a6 15. h4 Nbc6 16. f3 e5 17. Bg5 Bf5 18. O-O-O Rc8 19. Nxd5 Nxd5 20. Rxd5 f6 21. Bxf6 Kf7 22. Bg5 Nd4 23. c4 b5 24. Rxe5 bxc4 25. Be3 Nb3+ 26. Kb2 Kf6 27. Rxf5+ Kxf5 28. g4+ Ke5 29. Bxc4 Rxc4 30. Kxb3 Rgc8 31. Bd2 Kd4 32. Bb4 Ke3 33. h5 R4c7 34. h6 Rh7 35. g5 Rg8 36. Rg1 Rg6 37. Re1+ Kxf3 38. Re7 Rhxh6 39. gxh6 Rxh6 40. Ka4 Kg4 41. Rf7 Rc6 42. Ka5 1-0

[Event "WJCC U20 Girls 2019"]
[Site "New Delhi"]
[Date "2019.10.18"]
[Round "5.37"]
[White "Tsotsonava, Elene"]
[Black "Dahampriya, H K T Dewnethmie"]
[Result "1-0"]
[ECO "B96"]
[WhiteElo "1905"]
[BlackElo "1629"]
[Annotator "NA"]
[PlyCount "91"]
[EventDate "2019.10.15"]
[EventType "swiss"]
[EventCountry "IND"]
[SourceTitle "playchess.com"]
[Source "ChessBase"]
[SourceQuality "1"]
[TimeControl "40/5400+30:1800+30"]

1. e4 c5 2. Nf3 d6 3. d4 cxd4 4. Nxd4 Nf6 5. Nc3 a6 6. Bg5 e6 7. f4 h6 8. Bh4 Qb6 9. a3 Be7 10. Bf2 Qc7 11. Bd3 Nbd7 12. Qe2 b5 13. O-O-O Bb7 14. Kb1 Nc5 15. Nb3 Rb8 16. e5 Nd5 17. Bxb5+ Kf8 18. Nxd5 Bxd5 19. Bxc5 axb5 20. exd6 Bxd6 21. Qe5 Qxc5 22. Nxc5 Bxe5 23. fxe5 Rc8 24. Nd7+ Ke7 25. Nb6 Rcd8 26. Nxd5+ Rxd5 27. Rxd5 exd5 28. Rd1 Ke6 29. Rd4 Kxe5 30. Rb4 Rb8 31. a4 Kd6 32. c3 Kc5 33. Kc2 Rb6 34. axb5 Rxb5 35. Rxb5+ Kxb5 36. Kd3 Kc6 37. Kd4 Kd6 38. b4 f5 39. b5 g5 40. b6 f4 41. b7 Kc7 42. Kxd5 Kxb7 43. Ke5 Kc6 44. Kf5 Kd5 45. h3 Kc4 46. Ke4 {Kd5+} 1-0

[Event "WJCC U20 Girls 2019"]
[Site "New Delhi"]
[Date "2019.10.18"]
[Round "5.38"]
[White "Jain Nityata"]
[Black "Noshin, Anjum"]
[Result "1-0"]
[ECO "C47"]
[WhiteElo "2029"]
[BlackElo "1793"]
[Annotator "NA RC"]
[PlyCount "61"]
[EventDate "2019.10.15"]
[EventType "swiss"]
[EventCountry "IND"]
[SourceTitle "playchess.com"]
[Source "ChessBase"]
[SourceQuality "1"]
[TimeControl "40/5400+30:1800+30"]

1. e4 e5 2. Nf3 Nc6 3. Nc3 Nf6 4. d4 exd4 5. Nxd4 Bb4 6. Nxc6 bxc6 7. Bd3 d5 8. exd5 O-O 9. O-O cxd5 10. Bg5 c6 11. Na4 h6 12. Bh4 Bd6 13. Re1 Be6 14. c3 Rb8 15. Bc2 Re8 16. b4 Be7 17. Qd3 Ne4 18. Bg3 Rc8 19. f3 Nf6 20. Bh4 Bd6 21. Rad1 Rc7 22. Nc5 Bxc5+ 23. bxc5 g6 24. Qd4 Kg7 25. Bg3 Rb7 26. Be5 Qe7 27. Re3 Rd8 28. Rde1 a5 29. f4 Bc8 30. Bd6 Qd7 31. Be7 1-0

[Event "WJCC U20 Girls 2019"]
[Site "New Delhi"]
[Date "2019.10.18"]
[Round "5.39"]
[White "Lohani, Sujana"]
[Black "Tanishka Kotia"]
[Result "0-1"]
[ECO "E16"]
[WhiteElo "1671"]
[BlackElo "2090"]
[Annotator "NA"]
[PlyCount "90"]
[EventDate "2019.10.15"]
[EventType "swiss"]
[EventCountry "IND"]
[SourceTitle "playchess.com"]
[Source "ChessBase"]
[SourceQuality "1"]
[TimeControl "40/5400+30:1800+30"]

1. d4 Nf6 2. Nf3 e6 3. c4 b6 4. g3 Bb7 5. Bg2 Bb4+ 6. Bd2 c5 7. e3 O-O 8. O-O d6 9. a3 Bxd2 10. Nbxd2 Nbd7 11. Rc1 Rc8 12. Qe2 Rc7 13. Rfd1 Qa8 14. Ne1 cxd4 15. exd4 Rfc8 16. b4 e5 17. dxe5 Nxe5 18. f4 Neg4 19. Bxb7 Qxb7 20. Ng2 b5 21. c5 dxc5 22. Rxc5 Rxc5 23. bxc5 Rxc5 24. h3 Nh6 25. Ne4 Rd5 26. Nxf6+ gxf6 27. Qe8+ Kg7 28. Rc1 Rd2 29. Qc6 Qe7 30. Qf3 Qe2 31. Qxe2 Rxe2 32. Rc7 a6 33. Ra7 Re6 34. g4 f5 35. g5 Ng8 36. Kf2 h6 37. h4 Ne7 38. Ne3 Nc8 39. Rc7 Nd6 40. Kf3 hxg5 41. hxg5 Kg6 42. Ra7 a5 43. Nc2 a4 44. Nd4 Re4 45. Nxf5 Kxf5 0-1

[Event "WJCC U20 Girls 2019"]
[Site "New Delhi"]
[Date "2019.10.18"]
[Round "5.40"]
[White "Bauyrzhan, Arnash"]
[Black "Rathi Dhanashree"]
[Result "1-0"]
[ECO "B42"]
[WhiteElo "2075"]
[BlackElo "1692"]
[Annotator "NA RC"]
[PlyCount "89"]
[EventDate "2019.10.15"]
[EventType "swiss"]
[EventCountry "IND"]
[SourceTitle "playchess.com"]
[Source "ChessBase"]
[SourceQuality "1"]
[TimeControl "40/5400+30:1800+30"]

1. e4 c5 2. Nf3 e6 3. d4 cxd4 4. Nxd4 a6 5. Bd3 Qc7 6. O-O Nf6 7. Qe2 d6 8. c4 Be7 9. Nc3 Nbd7 10. f4 b6 11. Bd2 Bb7 12. Rae1 O-O 13. a3 Rac8 14. b4 Rfd8 15. Qf3 b5 16. cxb5 Qb6 17. Be3 Rxc3 18. Nc6 Qc7 19. Nxe7+ Kf8 20. Bd4 axb5 21. Bxc3 Qxc3 22. Bxb5 Qd4+ 23. Qe3 Qxe3+ 24. Rxe3 Kxe7 25. Bd3 Rc8 26. Bb1 Ba6 27. Rd1 Bb5 28. h3 Nb6 29. g4 Nc4 30. Rc3 Ra8 31. Bd3 Nb2 32. Bxb5 Nxd1 33. Rc1 Nb2 34. Rc2 Na4 35. Rc7+ Kd8 36. Rxf7 Nb6 37. a4 Rb8 38. g5 Ne8 39. Bc6 Nc4 40. Rd7+ Kc8 41. Re7 Rxb4 42. Rxe8+ Kc7 43. Bb5 d5 44. Rxe6 d4 45. Rc6+ 1-0

[Event "WJCC U20 Girls 2019"]
[Site "New Delhi"]
[Date "2019.10.18"]
[Round "5.41"]
[White "Rousseau, Christilla"]
[Black "Mirza, Diana"]
[Result "0-1"]
[ECO "A40"]
[WhiteElo "1648"]
[BlackElo "1986"]
[Annotator "NA RC"]
[PlyCount "46"]
[EventDate "2019.10.15"]
[EventType "swiss"]
[EventCountry "IND"]
[SourceTitle "playchess.com"]
[Source "ChessBase"]
[SourceQuality "1"]
[TimeControl "40/5400+30:1800+30"]

1. d4 g6 2. Bf4 Bg7 3. e3 d6 4. Nf3 Nd7 5. h3 e5 6. Bh2 Qe7 7. Be2 Nh6 8. O-O O-O 9. c4 f5 10. Nc3 Nf7 11. Nd5 Qd8 12. Rc1 g5 13. b4 b6 14. a4 a5 15. c5 bxc5 16. bxc5 c6 17. Nc3 e4 18. Ne1 dxc5 19. dxc5 Nxc5 20. Qxd8 Rxd8 21. Bc7 Rd7 22. Bb6 Nb3 23. Rc2 Nd2 0-1

[Event "WJCC U20 Girls 2019"]
[Site "New Delhi"]
[Date "2019.10.18"]
[Round "5.42"]
[White "Arushi Kotwal"]
[Black "Punsalan, Vyanla M"]
[Result "0-1"]
[ECO "A04"]
[WhiteElo "1657"]
[BlackElo "1964"]
[Annotator "NA"]
[PlyCount "54"]
[EventDate "2019.10.15"]
[EventType "swiss"]
[EventCountry "IND"]
[SourceTitle "playchess.com"]
[Source "ChessBase"]
[SourceQuality "1"]
[TimeControl "40/5400+30:1800+30"]

1. Nf3 f5 2. b3 d6 3. Bb2 g6 4. d4 Bg7 5. e3 Nf6 6. c4 O-O 7. Nbd2 Qe8 8. Bd3 h6 9. e4 Nh5 10. g3 f4 11. e5 Bg4 12. Be4 Nc6 13. Qb1 dxe5 14. Bxg6 Qd7 15. Bh7+ Kh8 16. Nh4 Rf6 17. Ne4 Nxd4 18. Nxf6 Bxf6 19. Bxd4 Qxd4 20. Be4 Bxh4 21. gxh4 Nf6 22. Bxb7 Rd8 23. Qc1 Ne4 24. Rf1 Nc5 25. f3 Nd3+ 26. Ke2 Nxc1+ 27. Rfxc1 Qe3+ 0-1

[Event "WJCC U20 Girls 2019"]
[Site "New Delhi"]
[Date "2019.10.18"]
[Round "5.43"]
[White "Ananya, Suresh"]
[Black "Abdala Cancino, Patricia Anastas"]
[Result "1/2-1/2"]
[ECO "C78"]
[WhiteElo "1896"]
[BlackElo "1608"]
[Annotator "NA"]
[PlyCount "74"]
[EventDate "2019.10.15"]
[EventType "swiss"]
[EventCountry "IND"]
[SourceTitle "playchess.com"]
[Source "ChessBase"]
[SourceQuality "1"]
[TimeControl "40/5400+30:1800+30"]

1. e4 e5 2. Nf3 Nc6 3. Bb5 a6 4. Ba4 Nf6 5. O-O b5 6. Bb3 Bc5 7. c3 Bb6 8. d3 d6 9. h3 O-O 10. Bg5 h6 11. Be3 Bxe3 12. fxe3 Na5 13. Bc2 c5 14. Nbd2 Bb7 15. Qe1 Qe7 16. Nh4 g6 17. b4 cxb4 18. cxb4 Nc6 19. Bb3 Kh7 20. Qf2 Kg7 21. Qg3 Kh7 22. Qf3 Kg7 23. Qg3 Kh7 24. Rf3 Nh5 25. Qf2 f6 26. a3 Nb8 27. Rf5 Ng7 28. Rf3 Nh5 29. Rc1 a5 30. Nf1 axb4 31. axb4 Nc6 32. Qe1 Ra3 33. Rb1 Nd8 34. Ng3 Ng7 35. Ne2 Nde6 36. Nc3 Ng5 37. Rf1 Bc6 1/2-1/2

[Event "WJCC U20 Girls 2019"]
[Site "New Delhi"]
[Date "2019.10.18"]
[Round "5.44"]
[White "Djuric, Anja"]
[Black "Tamarozi, Isabelle"]
[Result "0-1"]
[ECO "B22"]
[WhiteElo "1493"]
[BlackElo "2029"]
[Annotator "NA"]
[PlyCount "78"]
[EventDate "2019.10.15"]
[EventType "swiss"]
[EventCountry "IND"]
[SourceTitle "playchess.com"]
[Source "ChessBase"]
[SourceQuality "1"]
[TimeControl "40/5400+30:1800+30"]

1. e4 c5 2. c3 Nf6 3. e5 Nd5 4. Bc4 Nb6 5. Bb3 c4 6. Bc2 Nc6 7. Nf3 d6 8. Qe2 Bg4 9. h3 Bxf3 10. Qxf3 d5 11. Qe2 d4 12. d3 dxc3 13. bxc3 cxd3 14. Bxd3 Nxe5 15. Bb5+ Ned7 16. O-O a6 17. Bxd7+ Qxd7 18. Rd1 Qc6 19. Be3 e6 20. Nd2 Be7 21. Qg4 O-O-O 22. Bxb6 Qxb6 23. Rab1 Qc6 24. Nc4 Rxd1+ 25. Rxd1 Rd8 26. Rb1 Bc5 27. Qf4 b5 28. Nb2 Qd6 29. Qf3 Qd5 30. Qxf7 Rf8 31. Qxg7 Rxf2 32. Kh1 Qf5 33. Qg8+ Kb7 34. Qg7+ Kc6 35. Rd1 Rf1+ 36. Rxf1 Qxf1+ 37. Kh2 Bd6+ 38. g3 Qf2+ 39. Kh1 Bxg3 0-1

[Event "WJCC U20 Girls 2019"]
[Site "New Delhi"]
[Date "2019.10.18"]
[Round "5.45"]
[White "Shivika Rohilla"]
[Black "Figueroa Bernal, Julia Dennis"]
[Result "1/2-1/2"]
[ECO "B41"]
[WhiteElo "1721"]
[BlackElo "1777"]
[Annotator "NA"]
[PlyCount "102"]
[EventDate "2019.10.15"]
[EventType "swiss"]
[EventCountry "IND"]
[SourceTitle "playchess.com"]
[Source "ChessBase"]
[SourceQuality "1"]
[TimeControl "40/5400+30:1800+30"]

1. e4 c5 2. Nf3 e6 3. d4 cxd4 4. Nxd4 a6 5. c4 Nf6 6. Nc3 Bb4 7. Qd3 Qa5 8. Bd2 O-O 9. Nc2 Nc6 10. a3 Be7 11. b4 Qc7 12. f4 d6 13. Be2 Bd7 14. O-O Rfd8 15. Be3 Rac8 16. Rfd1 Nb8 17. Bd2 Bc6 18. Ne3 b6 19. Rac1 Qa7 20. Be1 Nbd7 21. Bf2 Qa8 22. Bf3 g6 23. Nf1 Ne8 24. Qe2 Bf6 25. Nd2 Bb7 26. Na4 Qa7 27. Qe3 Qa8 28. Nxb6 Nxb6 29. Qxb6 e5 30. Qe3 Ng7 31. Bg4 Rb8 32. fxe5 Bxe5 33. Bf3 Ne6 34. Qb3 Nd4 35. Bxd4 Bxd4+ 36. Kh1 Be5 37. Qd3 Bc6 38. g3 Kg7 39. Kg2 h5 40. h4 Re8 41. Re1 Re7 42. Re2 Rbe8 43. Rce1 Kg8 44. Nb3 Qa7 45. Qe3 Qc7 46. Na5 Ba8 47. Qd3 Kg7 48. Nb3 Qa7 49. Qe3 Qc7 50. Qd3 Qa7 51. c5 Rd7 1/2-1/2

[Event "WJCC U20 Girls 2019"]
[Site "New Delhi"]
[Date "2019.10.18"]
[Round "5.46"]
[White "Du Plessis, Anika"]
[Black "Yaakub, Nov Genevia Pslam"]
[Result "1-0"]
[ECO "C44"]
[WhiteElo "1594"]
[BlackElo "1316"]
[Annotator "NA RC"]
[PlyCount "49"]
[EventDate "2019.10.15"]
[EventType "swiss"]
[EventCountry "IND"]
[SourceTitle "playchess.com"]
[Source "ChessBase"]
[SourceQuality "1"]
[TimeControl "40/5400+30:1800+30"]

1. e4 e5 2. Nf3 Nc6 3. d4 exd4 4. Bc4 h6 5. O-O Bc5 6. c3 dxc3 7. Bxf7+ Kxf7 8. Qd5+ Ke8 9. Qxc5 Nf6 10. e5 Ne4 11. Qe3 Ng5 12. Nxc3 Nxf3+ 13. Qxf3 Nd4 14. Qg4 Ne6 15. f4 c6 16. Be3 Qe7 17. Ne4 Kd8 18. f5 Nc7 19. Nd6 Rf8 20. Bd4 Nb5 21. Nxb5 cxb5 22. Rac1 b6 23. f6 gxf6 24. exf6 Qf7 25. Qf4 1-0

[Event "WJCC U20 Girls 2019"]
[Site "New Delhi"]
[Date "2019.10.19"]
[Round "6.1"]
[White "Altantuya, Boldbaatar"]
[Black "Alinasab, Mobina"]
[Result "0-1"]
[ECO "D47"]
[WhiteElo "2277"]
[BlackElo "2239"]
[Annotator "NA"]
[PlyCount "78"]
[EventDate "2019.10.15"]
[EventType "swiss"]
[EventCountry "IND"]
[SourceTitle "playchess.com"]
[Source "ChessBase"]
[SourceQuality "1"]
[TimeControl "40/5400+30:1800+30"]

1. d4 Nf6 2. Nf3 e6 3. c4 d5 4. Nc3 c6 5. e3 Nbd7 6. Bd3 dxc4 7. Bxc4 b5 8. Bd3 Bb7 9. O-O a6 10. e4 c5 11. d5 e5 (11... Qc7 $11) 12. Ne2 c4 13. Bc2 Bc5 14. Ng3 g6 15. Qe2 $14 Qb6 16. Bd2 h5 17. Rfd1 Ng4 18. Be1 h4 19. Nf1 h3 20. Ng5 hxg2 21. Qxg4 gxf1=Q+ 22. Kxf1 Rxh2 23. Kg1 Rh5 24. Nxf7 Qf6 25. Qe6+ Kf8 26. Qxf6 Nxf6 27. Nxe5 Rxe5 28. Bc3 Rg5+ 29. Kf1 Kf7 30. Ke2 Re8 31. Kf3 Rh5 32. Rh1 b4 33. Bd2 Reh8 34. Rxh5 Rxh5 35. Kg2 g5 36. f3 a5 37. Bd1 Bd4 38. Rb1 Rh8 39. Be2 Be5 0-1